[Event "Early-Titled-Tuesday-Blitz-September-12-2023"]
[Site "Chess.com"]
[Date "2023.09.12"]
[Round "11"]
[White "parintele_chess"]
[Black "falzehope0"]
[Result "1-0"]
[WhiteElo "2261"]
[BlackElo "2398"]
[TimeControl "180+1"]
[EndTime "10:05:13 PDT"]
[Termination "parintele_chess won by resignation"]

1. d4 e6 2. Bf4 d5 3. e3 Bd6 4. Nf3 Ne7 5. Bg3 Ng6 6. Bd3 f5 7. Nbd2 O-O 8. Ne5 Bxe5 9. dxe5 f4 10. Bxg6 fxg3 11. Bxh7+ Kxh7 12. hxg3+ Kg8 13. Qh5 Qe8 14.
Qh7+ Kf7 15. Nf3 Ke7 16. Ng5 Rg8 17. O-O-O Nc6 18. e4 d4 19. Qh4 Kd7 20. Nf3 Qe7 21.
Qh7 Rf8 22. Nxd4 Ke8 23. Nb5 a6 24. Qg6+ Qf7 25. Nxc7+ Ke7 26. Qg5+ Qf6 27. exf6+ gxf6 28. Rh7+ Rf7 29. Qg8 Bd7 30. Qxf7+ Kd8 1-0

[Event "Early-Titled-Tuesday-Blitz-September-12-2023"]
[Site "Chess.com"]
[Date "2023.09.12"]
[Round "11"]
[White "Aash20"]
[Black "crazy_but_lazy"]
[Result "1/2-1/2"]
[WhiteElo "2535"]
[BlackElo "2640"]
[TimeControl "180+1"]
[EndTime "10:05:16 PDT"]
[Termination "Game drawn by repetition"]

1. e4 c5 2. Nf3 Nc6 3. Bb5 e6 4. O-O Nge7 5. d4 cxd4 6. Nxd4 Qb6 7. Bxc6 Nxc6 8. Nf3 Qc7 9. b3 b6 10. Bb2 Bb7 11.
c4 Bd6 12. Nc3 a6 13. Re1 Ne5 14. Nd4 Bc5 15. Qd2 O-O 16. Rad1 Rad8 17. Qg5 f6 18.
Qg3 Qb8 19. Qh3 Ng6 20. Na4 Bb4 21. Re3 b5 22. cxb5 axb5 23. Nc3 Bc5 24. Ree1 Ba6 25. Nxe6 dxe6 26. Qxe6+ Kh8 27. Qxa6 Qf4 28. Rf1 Nh4 29. Rxd8 Rxd8 30. Qxb5 Bd6 31. g3 Qf3 32. gxh4 Qg4+ 33. Kh1 Qf3+ 34. Kg1 Qg4+ 35. Kh1 Qf3+ 36. Kg1 1/2-1/2

[Event "Early-Titled-Tuesday-Blitz-September-12-2023"]
[Site "Chess.com"]
[Date "2023.09.12"]
[Round "11"]
[White "PeshkaCh"]
[Black "Fh2411"]
[Result "1-0"]
[WhiteElo "2781"]
[BlackElo "2603"]
[TimeControl "180+1"]
[EndTime "10:05:17 PDT"]
[Termination "PeshkaCh won by resignation"]

1. Nf3 Nf6 2. d4 e6 3. c4 Bb4+ 4. Bd2 Qe7 5. g3 O-O 6. Bg2 Bxd2+ 7. Nbxd2 d6 8. O-O e5 9. e4 a5 10. c5 Rd8 11. cxd6 cxd6 12. dxe5 dxe5 13. Qe2 Nc6 14. Nc4 Bg4 15. Qe3 Bxf3 16. Bxf3 b5 17. Nb6 Rab8 18. Nd5 Qe6 19. Rac1 Nd4 20. Bg2 Rdc8 21. Rfd1 h6 22. h3 b4 23. Kh2 Kh7 24. Qd3 Rxc1 25. Rxc1 Rc8 26. Rc4 Rc6 27. Rxd4 exd4 28. e5+ Kh8 29. exf6 Rc1 30. fxg7+ Kxg7 31. Qxd4+ f6 32. Nf4 Qe5 33. Qd7+ Kg8 34. Bd5+ 1-0

[Event "Early-Titled-Tuesday-Blitz-September-12-2023"]
[Site "Chess.com"]
[Date "2023.09.12"]
[Round "11"]
[White "Mikedannnn"]
[Black "attack2mateU"]
[Result "1-0"]
[WhiteElo "2578"]
[BlackElo "2714"]
[TimeControl "180+1"]
[EndTime "10:05:18 PDT"]
[Termination "Mikedannnn won by checkmate"]

1. e4 c5 2. Nf3 d6 3. d4 cxd4 4. Nxd4 Nf6 5. Nc3 a6 6. f4 e5 7. Nf3 Qc7 8. a4 Be7 9. Bd3 O-O 10. O-O Nc6 11. Kh1 Re8 12. f5 Nb4 13. Bg5 d5 14. Bxf6 Bxf6 15. Nd2 d4 16. Nd5 Nxd5 17. exd5 b6 18.
Ne4 Bb7 19. Qg4 Kh8 20. Nxf6 gxf6 21. Qh4 Qd6 22. Be4 Rg8 23. Ra3 Rg7 24. c4 dxc3 25. Rxc3 Rag8 26. Rg3 Bxd5 27. Bxd5 Qxd5 28. Qxf6 Qd2 29.
h4 Qe2 30. Rc1 Qe4 31. Qxg7+ Rxg7 32. Rc8+ Rg8 33. Rcxg8# 1-0

[Event "Early-Titled-Tuesday-Blitz-September-12-2023"]
[Site "Chess.com"]
[Date "2023.09.12"]
[Round "11"]
[White "AleksandrAleksikov"]
[Black "Ishowmoves57"]
[Result "1-0"]
[WhiteElo "2272"]
[BlackElo "2118"]
[TimeControl "180+1"]
[EndTime "10:05:19 PDT"]
[Termination "AleksandrAleksikov won on time"]

1. e4 c5 2. Nf3 Nc6 3. c3 d5 4.
exd5 Qxd5 5. d4 cxd4 6. cxd4 e6 7.
Nc3 Qd8 8. Be2 Nf6 9. O-O Be7 10. a3 O-O 11. Bf4 Bd6 12. Bg5 h6 13. Bh4 Be7 14. Re1 Nd5 15. Bg3 Bf6 16. Qd3 b6 17. Bd1 Nxc3 18. bxc3 Bb7 19. Bc2 g6 20. Rxe6 Re8 21. Rd6 Qe7 22. h4 Na5 23. Re1 Qf8 24. Rxe8 Qxe8 25. Rxf6 Bxf3 26. Rxf3 Rc8 27. h5 Qe1+ 28. Kh2 Rxc3 29. Qxc3 Qxc3 30. Rxc3 1-0

[Event "Early-Titled-Tuesday-Blitz-September-12-2023"]
[Site "Chess.com"]
[Date "2023.09.12"]
[Round "11"]
[White "DefiantChair"]
[Black "Herman-NY"]
[Result "1-0"]
[WhiteElo "2686"]
[BlackElo "2542"]
[TimeControl "180+1"]
[EndTime "10:05:23 PDT"]
[Termination "DefiantChair won by resignation"]

1. e4 c5 2. Nf3 Nc6 3. d4 cxd4 4.
Nxd4 e6 5. Nc3 a6 6. Be3 Qc7 7. Qd2 Nf6 8. O-O-O b5 9. f3 Bb7 10.
Kb1 h5 11. Bf2 h4 12. g4 hxg3 13. Bxg3 Ne5 14. Qg5 d6 15. Bxb5+ axb5 16. Ndxb5 Qa5 17. a3 Rh5 18. Qe3 Rd8 19. Be1 Nc4 20. Qd4 Rxb5 21. Qxc4 Rc5 22. Qb3 Qc7 23. Nb5 Qc6 24. a4 Rc8 25.
Bf2 Rc4 26. Na7 Qc7 27. Nxc8 Bxc8 28. a5 Ba6 29. Bb6 Qc8 30. e5 dxe5 31. Rd8+ Qxd8 32.
Bxd8 Kxd8 33. Qb6+ Rc7 34. Qxa6 Nd5 35. Rd1 1-0

[Event "Early-Titled-Tuesday-Blitz-September-12-2023"]
[Site "Chess.com"]
[Date "2023.09.12"]
[Round "11"]
[White "Eloist"]
[Black "Alex_Banzea"]
[Result "0-1"]
[WhiteElo "2475"]
[BlackElo "2629"]
[TimeControl "180+1"]
[EndTime "10:05:25 PDT"]
[Termination "Alex_Banzea won on time"]

1. e4 c6 2. Nf3 d5 3. Nc3 dxe4 4. Nxe4 Nf6 5. Ng3 g6 6. d4 Bg7 7. Bd3 c5 8. dxc5 Nbd7 9. c6 bxc6 10. O-O O-O 11. c3 Nc5 12. Bc4 Be6 13. Bxe6 Nxe6 14. Qxd8 Rfxd8 15. Bd2 Nd5 16. Rad1 Nc5 17. Bc1 e5 18. Rfe1 f6 19. Kf1 Nb6 20. Ke2 a5 21. Rxd8+ Rxd8 22. Be3 Bf8 23. Ne4 Nxe4 24. Bxb6 Rb8 25.
Bxa5 Rxb2+ 26. Kf1 Rxf2+ 27. Kg1 Rxa2 28. Rxe4 Rxa5 29.
Rc4 Rc5 30. Rxc5 Bxc5+ 31. Kf1 Kf7 32. Ke2 Ke6 33. Nd2 f5 34. Kd3 Kd5 35. c4+ Ke6 36. Nb3 Bb6 37. c5 Bc7 38. h3 Kd5 39. g4 e4+ 40.
Ke3 f4+ 41. Ke2 f3+ 42. Ke3 Bd8 43. Kf2 Be7 0-1

[Event "Early-Titled-Tuesday-Blitz-September-12-2023"]
[Site "Chess.com"]
[Date "2023.09.12"]
[Round "11"]
[White "MateusViageiro"]
[Black "GMJustin"]
[Result "0-1"]
[WhiteElo "2119"]
[BlackElo "2243"]
[TimeControl "180+1"]
[EndTime "10:05:25 PDT"]
[Termination "GMJustin won by resignation"]

1. e3 f5 2. d4 Nf6 3. Nf3 e6 4.
Bd3 b6 5. O-O Bb7 6. b3 Be7 7.
Nbd2 O-O 8. Bb2 d6 9. c4 Ne4 10.
Qe2 Nd7 11. Rad1 Ndf6 12. d5 exd5 13. Nd4 Qd7 14. cxd5 Bxd5 15. f3 Nxd2 16. Rxd2 g6 17. Rfd1 Rae8 18. Bb5 c6 19. Bc4 Rf7 20. a4 Rc8 21. e4 fxe4 22. fxe4 Bxc4 23. Qxc4 Nxe4 24. Nxc6 Qxc6 0-1

[Event "Early-Titled-Tuesday-Blitz-September-12-2023"]
[Site "Chess.com"]
[Date "2023.09.12"]
[Round "11"]
[White "NotFischer"]
[Black "Flaccidmoves"]
[Result "0-1"]
[WhiteElo "2285"]
[BlackElo "2449"]
[TimeControl "180+1"]
[EndTime "10:05:28 PDT"]
[Termination "Flaccidmoves won by resignation"]

1. e4 e5 2. f4 exf4 3. Nf3 h5 4. Bc4 h4 5. d4 g5 6. O-O d6 7. Nxg5 Qxg5 8. Bxf4 Qg7 9. Nc3 Be6 10. d5 Bg4 11.
Qd2 Nd7 12. e5 dxe5 13. d6 Bxd6 14. Nb5 Bc5+ 15. Be3 O-O-O 16. Rxf7 Qg5 17. Re1 Nh6 18. Rf2 Bxe3 19. Rxe3 a6 20. Nc3 Nc5 21. Qe1 Rhe8 22. Nd5 e4 23. Rc3 Rxd5 24. Bxd5 Qxd5 25. b4 Na4 26.
Ra3 Nb2 27. Qe3 Nc4 28. Qxh6 Nxa3 29. Qg6 Qe6 30. Qg5 e3 0-1

[Event "Early-Titled-Tuesday-Blitz-September-12-2023"]
[Site "Chess.com"]
[Date "2023.09.12"]
[Round "11"]
[White "masnyszachistaaa"]
[Black "Abund"]
[Result "0-1"]
[WhiteElo "2565"]
[BlackElo "2739"]
[TimeControl "180+1"]
[EndTime "10:05:31 PDT"]
[Termination "Abund won by resignation"]

1. c4 e5 2. Nc3 Nf6 3. Nf3 Nc6 4. e3 Bb4 5. Qc2 Bxc3 6. Qxc3 Qe7 7. d3 O-O 8. Be2 e4 9. Nd4 Ne5 10. dxe4 Nxe4 11. Qc2 Nf6 12. O-O d6 13. Nf5 Bxf5 14.
Qxf5 Qe6 15. Qxe6 fxe6 16. f4 Ned7 17. Bf3 c6 18. b3 d5 19. Ba3 Rfe8 20. Rad1 Nb6 21.
cxd5 exd5 22. Bc5 Ne4 23. Bxe4 Rxe4 24. Kf2 Nd7 25. Bd4 Rae8 26. Rfe1 a6 27. Bb2 R4e7 28. Bd4 Kf7 29. g4 Re4 30. h3 g6 31. Rc1 Nf8 32.
Bc3 Ne6 33. Rcd1 Nc5 34. Bd4 Ne6 35. Be5 a5 36. Bc3 a4 37. Rb1 axb3 38. axb3 Nc5 39.
Kf3 Nd3 40. Re2 Nxf4 41. Rc2 Rxe3+ 42. Kxf4 h6 43. Be5 R8xe5 0-1

[Event "Early-Titled-Tuesday-Blitz-September-12-2023"]
[Site "Chess.com"]
[Date "2023.09.12"]
[Round "11"]
[White "Witty_Alien"]
[Black "Manukyan_Artak"]
[Result "0-1"]
[WhiteElo "2208"]
[BlackElo "2514"]
[TimeControl "180+1"]
[EndTime "10:05:34 PDT"]
[Termination "Manukyan_Artak won on time"]

1. e4 c6 2. d4 d5 3. Nd2 dxe4 4.
Nxe4 Nf6 5. Ng3 h5 6. h4 e5 7.
c3 exd4 8. cxd4 Bb4+ 9. Bd2 Qxd4 10. Qe2+ Be6 11. O-O-O Nbd7 12. Nf3 Bxd2+ 13. Rxd2 Qa4 14. Ng5 Qxa2 15. Nf5 Kf8 16. Nd4 Nc5 17. Ngxe6+ Nxe6 18. Nf5 Nd5 19. Qe5 Qa1+ 20. Kc2 Rd8 21. Rxd5 Rxd5 22. Qb8+ Rd8 23. Qxb7 Qd1+ 24. Kc3 Qd2+ 25. Kc4 Qd5+ 26. Kc3 Qxf5 27. Bc4 g6 28. Re1 Re8 0-1

[Event "Early-Titled-Tuesday-Blitz-September-12-2023"]
[Site "Chess.com"]
[Date "2023.09.12"]
[Round "11"]
[White "zano2023"]
[Black "Mr_Lion22"]
[Result "0-1"]
[WhiteElo "2111"]
[BlackElo "2429"]
[TimeControl "180+1"]
[EndTime "10:05:35 PDT"]
[Termination "Mr_Lion22 won by resignation"]

1. d4 d5 2. Nf3 c6 3. Nbd2 Nf6 4. e3 e6 5. Bd3 Bd6 6. O-O O-O 7. Qe2 c5 8. c3 Nc6 9. dxc5 Bxc5 10.
e4 b6 11. b4 Be7 12. Re1 Bb7 13. e5 Nd7 14. Nb3 a5 15. b5 Na7 16. Nbd4 Rc8 17. Bd2 Nc5 18. Bc2 Ne4 19. Qd3 Qc7 20. Re3 Qc4 21. Be1 Qxd3 22. Rxd3 Ba3 23. Rb1 Rc4 24.
Nd2 Rxc3 25. Nxe4 Rxd3 26. Bxd3 dxe4 27. Be2 Rd8 28. Nc6 Nxc6 29. bxc6 Bxc6 30. Rxb6 Bd5 31. Ra6 Bb4 32. a3 Bxe1 33. Kf1 Bc3 34. Rd6 Rxd6 35. exd6 Bf6 36. Bb5 Kf8 37. Ke2 Be5 38. g3 f5 39.
d7 Ke7 40. Ke3 g5 41. h4 f4+ 0-1

[Event "Early-Titled-Tuesday-Blitz-September-12-2023"]
[Site "Chess.com"]
[Date "2023.09.12"]
[Round "11"]
[White "Pumpkin_in_moonlight"]
[Black "maurovargas01"]
[Result "1-0"]
[WhiteElo "2213"]
[BlackElo "1852"]
[TimeControl "180+1"]
[EndTime "10:05:36 PDT"]
[Termination "Pumpkin_in_moonlight won on time"]

1. e4 d5 2. exd5 Qxd5 3. d4 c6 4.
Nf3 Bg4 5. Be2 Nf6 6. h3 Bf5 7.
c4 Qa5+ 8. Nc3 Nbd7 9. O-O e6 10. a3 Rc8 11. Bf4 Be7 12. b4 Qd8 13. Bh2 O-O 14. Rc1 h6 15. Qd2 Ne4 16. Nxe4 Bxe4 17. Rfd1 Nf6 18.
Qc3 b6 19. Ne5 Nh7 20. Bf3 Bxf3 21. Qxf3 Ng5 22. Qb3 Bf6 23. Qa4 Qe7 24. Nxc6 Qe8 25. d5 exd5 26. cxd5 Qe2 27. Qxa7 b5 28. Qe3 Qh5 29.
d6 Rce8 30. Qd3 Ne4 31. d7 Qf5 32. dxe8=Q Qxf2+ 33. Kh1 Rxe8 34. Rf1 Qa2 35. Qd7 Nf2+ 36. Rxf2 Qxf2 37. Qxe8+ Kh7 38. Qe4+ 1-0

[Event "Early-Titled-Tuesday-Blitz-September-12-2023"]
[Site "Chess.com"]
[Date "2023.09.12"]
[Round "11"]
[White "lachesisQ"]
[Black "GMBenjaminBok"]
[Result "1-0"]
[WhiteElo "3095"]
[BlackElo "3026"]
[TimeControl "180+1"]
[EndTime "10:05:37 PDT"]
[Termination "lachesisQ won by resignation"]

1. e4 e5 2. f4 exf4 3. Nf3 Ne7 4. d4 d5 5. Bd3 dxe4 6. Bxe4 Ng6 7. Qe2 Be7 8. h4 h5 9. Bxg6 fxg6 10. Bxf4 O-O 11.
Qc4+ Kh7 12. Bxc7 Qd7 13. Be5 Qg4 14. Qe2 Nc6 15. Nbd2 Nxe5 16. dxe5 Bf5 17. Nb3 Qg3+ 18.
Kd2 Rfd8+ 19. Nbd4 Bc5 20. c3 Rac8 21. Rac1 b5 22.
Rhe1 b4 23. Qe3 bxc3+ 24. bxc3 Kh8 25. e6 Rb8 26. Re2 Rb2+ 27. Kd1 Rxe2 28. Qxe2 Bg4 29. Kc2 Bf5+ 30. Kb2 Qb8+ 31. Ka1 Ba3 32. Re1 Qb6 33.
Nxf5 gxf5 34. Ne5 Rb8 35. Nc4 Qc5 36. e7 Re8 37. Qxh5+ Kg8 38. Qxe8+ Kh7 39. Qh5+ 1-0

[Event "Early-Titled-Tuesday-Blitz-September-12-2023"]
[Site "Chess.com"]
[Date "2023.09.12"]
[Round "11"]
[White "OchsenfroschGambit"]
[Black "GeorgiosSouleidis"]
[Result "1/2-1/2"]
[WhiteElo "2360"]
[BlackElo "2500"]
[TimeControl "180+1"]
[EndTime "10:05:38 PDT"]
[Termination "Game drawn by repetition"]

1. d4 Nf6 2. c4 g6 3. Nc3 Bg7 4.
e4 d6 5. Be2 O-O 6. Be3 Nbd7 7.
Qd2 c5 8. d5 b5 9. cxb5 a6 10.
Nf3 axb5 11. Bxb5 Qa5 12. a4 Ba6 13. Bxa6 Qxa6 14. Qe2 Qb6 15. O-O Rfb8 16. Rfb1 Qb4 17.
Nd2 Ne5 18. h3 c4 19. Nb5 Rxa4 20. Rxa4 Qxa4 21. Nd4 Qa2 22. Nc6 Rxb2 23. Rxb2 Qxb2 24. Nxe5 Qa1+ 25. Qf1 Qxe5 26. Qxc4 h6 27. g3 Nh5 28.
Kg2 Qb2 29. Qc8+ Kh7 30. Qc7 Bf6 31. Qc8 Bg7 32. Qc7 Bf6 33. Qc8 Bg7 1/2-1/2

[Event "Early-Titled-Tuesday-Blitz-September-12-2023"]
[Site "Chess.com"]
[Date "2023.09.12"]
[Round "11"]
[White "Francisco_Ferrari"]
[Black "Young_Catalan_Player09"]
[Result "1-0"]
[WhiteElo "2221"]
[BlackElo "2438"]
[TimeControl "180+1"]
[EndTime "10:05:39 PDT"]
[Termination "Francisco_Ferrari won on time"]

1. e4 Nc6 2. Nf3 d6 3. d4 Nf6 4.
Nc3 e5 5. Bc4 Bg4 6. dxe5 dxe5 7. Qxd8+ Rxd8 8. Bb5 Bb4 9. Bd2 Bxf3 10. gxf3 Rd6 11.
O-O-O O-O 12. f4 Bxc3 13. Bxc3 Nxe4 14. fxe5 Rxd1+ 15. Rxd1 Nxc3 16. bxc3 Nxe5 17. f4 Ng6 18. Rd7 Nxf4 19. Rxc7 f5 20. Rxb7 g5 21. Rxa7 Nh3 22.
Bc4+ Kh8 23. Be6 Ng1 24. Ra5 Nf3 25. Bxf5 Nxh2 26. Be4 g4 27. Ra7 1-0

[Event "Early-Titled-Tuesday-Blitz-September-12-2023"]
[Site "Chess.com"]
[Date "2023.09.12"]
[Round "11"]
[White "ferrufino64"]
[Black "lrestevez"]
[Result "1-0"]
[WhiteElo "2280"]
[BlackElo "2140"]
[TimeControl "180+1"]
[EndTime "10:05:40 PDT"]
[Termination "ferrufino64 won by resignation"]

1. e3 d5 2. d4 c6 3. Bd3 Nf6 4.
Nd2 e6 5. f4 Bd6 6. Ngf3 Nbd7 7. O-O Qc7 8. Ne5 O-O 9. Qf3 g6 10. Qh3 c5 11. c3 c4 12. Bc2 b5 13. a3 a5 14. Ndf3 Bb7 15. Qh6 Rfe8 16. Ng5 Bf8 17. Qh4 h6 18. Ngxf7 Nxe5 19. Nxe5 Ne4 20. Nxg6 Qg7 21.
Nxf8 Rxf8 22. Bxe4 dxe4 23. Bd2 Bd5 24. Kh1 Rf6 25. g4 Rg6 26. Rg1 Kh7 27. Rg3 Rg8 28. Rag1 Qf6 29. Qh3 Qf7 30. Qg2 Kh8 31. h3 Kh7 32.
Kh2 Kh8 33. Be1 Kh7 34. Qf1 Qb7 35. R3g2 Qf7 36. Bh4 Qb7 37. Kh1 b4 38. axb4 axb4 39. f5 exf5 40. gxf5 Rxg2 41. Rxg2 bxc3 42. bxc3 Rxg2 43.
Qxg2 Qg7 44. Qh2 Qf7 45. f6 Qh5 46. Qc7+ Bf7 47. Qf4 Qd1+ 48. Kh2 Qd2+ 49. Bf2 Qxc3 50. Qxe4+ Kg8 51. Qg4+ Kf8 52. Qc8+ 1-0

[Event "Early-Titled-Tuesday-Blitz-September-12-2023"]
[Site "Chess.com"]
[Date "2023.09.12"]
[Round "11"]
[White "JimDiGrease"]
[Black "AndreiITrifan"]
[Result "1-0"]
[WhiteElo "2872"]
[BlackElo "2651"]
[TimeControl "180+1"]
[EndTime "10:05:41 PDT"]
[Termination "JimDiGrease won by resignation"]

1. d4 Nf6 2. c4 e6 3. Bf4 b6 4. Nc3 Bb7 5. e3 Be7 6. Nf3 Ne4 7. Nxe4 Bxe4 8. Bd3 Bxd3 9. Qxd3 O-O 10. O-O d6 11. b4 Nd7 12. b5 a6 13. a4 Qc8 14. Qe4 Nf6 15. Qc6 Qd7 16. d5 e5 17. Bg5 Qd8 18. Bxf6 Bxf6 19. a5 e4 20. Nd4 axb5 21. axb6 cxb6 22. Rxa8 Qxa8 23. Nxb5 Be5 24. Qxb6 Qa2 25. Nxd6 Bxd6 26. Qxd6 Qxc4 27. h3 g6 28. Rb1 Qe2 29. Rb8 Rxb8 30. Qxb8+ Kg7 31. Qe5+ Kf8 32. d6 Qd1+ 33. Kh2 Kg8 34. Qe8+ Kg7 35. d7 Qd6+ 36.
g3 Qf6 37. Kg1 Qa1+ 38. Kg2 Qd1 39. d8=Q Qf3+ 40. Kg1 1-0

[Event "Early-Titled-Tuesday-Blitz-September-12-2023"]
[Site "Chess.com"]
[Date "2023.09.12"]
[Round "11"]
[White "shimastream"]
[Black "Lion-Al-Messi"]
[Result "0-1"]
[WhiteElo "2927"]
[BlackElo "2641"]
[TimeControl "180+1"]
[EndTime "10:05:42 PDT"]
[Termination "Lion-Al-Messi won on time"]

1. d4 d5 2. c4 c6 3. e3 Nf6 4. Bd3 Nbd7 5. Nf3 e6 6. b3 Ne4 7. O-O f5 8. Nbd2 Bd6 9. Bb2 O-O 10. Ne5 Nxe5 11. dxe5 Bb4 12. Nf3 Bd7 13. a3 Be7 14.
b4 a5 15. Qb3 g5 16. Rad1 axb4 17. axb4 Qb6 18. b5 Rfc8 19. cxd5 cxd5 20. Nd4 Nc5 21. Qc2 Na4 22. Qd2 Nc5 23. Be2 Ra2 24. Ra1 Ne4 25. Qd1 Rxb2 26. Bd3 Rd2 27. Qh5 Rxd3 28.
Qh6 Bf8 29. Qh5 Be8 30. Qe2 Rd2 31. Qf3 Bh6 32. g4 Bg6 33. gxf5 exf5 34. Nxf5 Bxf5 35. Qxf5 Rf8 36. Qd7 Nxf2 37. e6 Qxe3 0-1

[Event "Early-Titled-Tuesday-Blitz-September-12-2023"]
[Site "Chess.com"]
[Date "2023.09.12"]
[Round "11"]
[White "BeautiFullMindChess"]
[Black "CFalcons8"]
[Result "0-1"]
[WhiteElo "2196"]
[BlackElo "2304"]
[TimeControl "180+1"]
[EndTime "10:05:43 PDT"]
[Termination "CFalcons8 won by checkmate"]

1. e4 e5 2. Nf3 Nc6 3. Bc4 Nf6 4.
d3 Bc5 5. O-O d6 6. a4 O-O 7. c3 a6 8. h3 h6 9. b4 Ba7 10. Nbd2 Ne7 11. Re1 b5 12. Bb3 Ng6 13. Nf1 c6 14. Be3 Bxe3 15. Nxe3 Bd7 16. axb5 axb5 17.
Qc2 Qb6 18. d4 Qb7 19. dxe5 dxe5 20. h4 Rxa1 21. Rxa1 Ra8 22. Rxa8+ Qxa8 23. g3 Qa1+ 24. Kg2 Ng4 25. Nf5 Nf6 26. h5 Nxh5 27. Qd3 Nf6 28.
Nxe5 Nxe5 29. Qd6 Qxc3 30. Bxf7+ Nxf7 31. Qb8+ Kh7 32. Ne7 Qe5 33. Qf8 Qxe4+ 34. Kh2 Ng4+ 35. Kg1 Qe1+ 36. Kg2 Qxf2+ 37. Kh3 Qh2# 0-1

[Event "Early-Titled-Tuesday-Blitz-September-12-2023"]
[Site "Chess.com"]
[Date "2023.09.12"]
[Round "11"]
[White "AliKa2810"]
[Black "seopie"]
[Result "0-1"]
[WhiteElo "2576"]
[BlackElo "2822"]
[TimeControl "180+1"]
[EndTime "10:05:45 PDT"]
[Termination "seopie won by resignation"]

1. d4 Nf6 2. c4 e6 3. Nc3 Bb4 4. a3 Bxc3+ 5. bxc3 b6 6. f3 d6 7.
e4 c5 8. Bd3 Qc7 9. Ne2 Ba6 10.
d5 O-O 11. O-O Nbd7 12. f4 exd5 13. cxd5 Bxd3 14. Qxd3 c4 15. Qf3 Nc5 16. Ng3 Rfe8 17. e5 dxe5 18. Nf5 e4 19. Qg3 g6 20. Be3 Nxd5 21.
Bd4 f6 22. Rad1 Nd3 23. Nh6+ Kg7 24. Ng4 h5 25. Ne3 N5xf4 26. Kh1 g5 27. Qxg5+ Kf8 28.
Qxf6+ Qf7 29. Qh6+ Ke7 30. Rxd3 exd3 31. Rxf4 Qe6 32. Qg7+ Kd8 33. Bf6+ Kc8 34. Bd4 Rb8 35. Rf7 Qc6 36. Qg5 Rb7 37. Qf5+ Rd7 38. h3 Qe6 39. Qxe6 Rxe6 40. Rf1 Rxd4 41. cxd4 Rxe3 42. Kg1 d2 43. Kf2 Re8 44. Rd1 c3 0-1

[Event "Early-Titled-Tuesday-Blitz-September-12-2023"]
[Site "Chess.com"]
[Date "2023.09.12"]
[Round "11"]
[White "Fandorine"]
[Black "splendidkid"]
[Result "0-1"]
[WhiteElo "2898"]
[BlackElo "2797"]
[TimeControl "180+1"]
[EndTime "10:05:46 PDT"]
[Termination "splendidkid won by resignation"]

1. e4 c5 2. b3 Nc6 3. Bb2 e5 4. Bc4 g6 5. d3 Bg7 6. Ne2 Nge7 7. O-O d5 8. exd5 Nxd5 9. Nbc3 Be6 10. Ne4 b6 11. Qd2 h6 12. f4 O-O 13. Kh1 exf4 14. Bxg7 Kxg7 15. Nxf4 Nxf4 16. Qxf4 Bxc4 17. bxc4 f5 18.
Nc3 Qb8 19. Qd2 Qd6 20. Nd5 Rae8 21. a4 g5 22. Rae1 f4 23. Rxe8 Rxe8 24. c3 Qe5 25. Qc1 Qe2 26. Nc7 Re7 27. Nd5 Re8 28. Nc7 Re3 29.
Nd5 Rxd3 30. Re1 Qd2 31. Qxd2 Rxd2 32. h3 Kf7 33. Kg1 Ra2 34. h4 Rxa4 35. hxg5 hxg5 36. Re5 Nxe5 0-1

[Event "Early-Titled-Tuesday-Blitz-September-12-2023"]
[Site "Chess.com"]
[Date "2023.09.12"]
[Round "11"]
[White "valemava"]
[Black "Viacheslav92"]
[Result "1-0"]
[WhiteElo "2331"]
[BlackElo "2475"]
[TimeControl "180+1"]
[EndTime "10:05:46 PDT"]
[Termination "valemava won by checkmate"]

1. e4 e5 2. f4 d5 3. d4 dxe4 4. fxe5 c5 5. d5 Nd7 6. e6 fxe6 7. dxe6 Ne5 8. Qh5+ Ng6 9. Bb5+ Ke7 10. Bg5+ Nf6 11.
Nc3 Bxe6 12. Rd1 Qa5 13. Bd2 Kf7 14. Qe2 a6 15. Bc4 Qb6 16. Nh3 h6 17. O-O Bxc4 18.
Qxc4+ Qe6 19. Qe2 Re8 20. Bf4 c4 21. Be3 Bd6 22. Nd5 Be5 23. Kh1 Rhf8 24. Bc5 Rh8 25. Qh5 Rc8 26. Ndf4 Bxf4 27. Nxf4 Qg4 28. Qxg4 Nxg4 29.
Nh5+ Kg8 30. Rd7 Rh7 31. Bd4 N4e5 32. Rxb7 Rd8 33. c3 Re8 34. g3 e3 35. Nf4 Nxf4 36. gxf4 Nd3 37. Rg1 e2 38. Ra7 e1=Q 39. Rxe1 Rxe1+ 40. Kg2 g5 41. Ra8+ Kf7 42. f5 Re7 43. Rxa6 Nf4+ 44.
Kf3 h5 45. Rf6+ Ke8 46. Bc5 Rd7 47.
Rf8# 1-0

[Event "Early-Titled-Tuesday-Blitz-September-12-2023"]
[Site "Chess.com"]
[Date "2023.09.12"]
[Round "11"]
[White "Duhless"]
[Black "Sina_Movahed"]
[Result "0-1"]
[WhiteElo "2985"]
[BlackElo "3061"]
[TimeControl "180+1"]
[EndTime "10:05:47 PDT"]
[Termination "Sina_Movahed won by resignation"]

1. d4 Nf6 2. Nf3 g6 3. c4 Bg7 4. Nc3 O-O 5. Bg5 d5 6. Bxf6 Bxf6 7. cxd5 c6 8. dxc6 Nxc6 9. e3 Qa5 10. Qd2 Rd8 11. Be2 Bf5 12. O-O e5 13. e4 Nxd4 14.
Qe3 Be6 15. Rac1 Rac8 16. Rfd1 Kg7 17. h3 h6 18. Bf1 a6 19. a3 Rc6 20. Nd5 Rxc1 21.
Rxc1 Bxd5 22. exd5 Qxd5 23. Rc7 b5 24. Nxd4 exd4 25. Qd3 h5 26. Be2 Re8 27. Rc2 h4 28. Rc1 Bg5 29. Rd1 Qd6 30. Bf3 Kg8 31. b4 Bd8 32.
Be4 Bc7 33. Qxd4 Qh2+ 34. Kf1 Qh1+ 35. Ke2 Qxg2 36. Kd3 Qxh3+ 37. f3 Qe6 38. Bd5 Qe2+ 39. Kc3 Be5 0-1

[Event "Early-Titled-Tuesday-Blitz-September-12-2023"]
[Site "Chess.com"]
[Date "2023.09.12"]
[Round "11"]
[White "turayev_shahruh17"]
[Black "Rud_Makarian"]
[Result "1/2-1/2"]
[WhiteElo "2825"]
[BlackElo "2953"]
[TimeControl "180+1"]
[EndTime "10:05:48 PDT"]
[Termination "Game drawn by agreement"]

1. e4 c5 2. Nc3 Nc6 3. Bb5 e6 4.
Bxc6 bxc6 5. f4 d5 6. e5 c4 7.
Nf3 Nh6 8. O-O c5 9. Ne2 d4 10. d3 Bb7 11. Ng3 cxd3 12. cxd3 Be7 13. Ng5 O-O 14. Qh5 Bxg5 15. fxg5 Nf5 16. Nxf5 exf5 17.
Qe2 Qd7 18. b3 a5 19. Ba3 Rfc8 20. Rac1 a4 21. Bxc5 axb3 22. axb3 Qd5 23. b4 Ra2 24. Rc2 Rxc2 25. Qxc2 Qxe5 26. Qf2 Qd5 27. Qf3 Qxc5 28.
Qxb7 Qc3 29. Rxf5 Rf8 30. Qb5 g6 31. Rf1 Qd2 32. Qc4 Qe3+ 33. Kh1 Qxg5 34. Qxd4 Rd8 35. Qc4 Rd7 36. b5 Qd8 37. h3 Qb8 1/2-1/2

[Event "Early-Titled-Tuesday-Blitz-September-12-2023"]
[Site "Chess.com"]
[Date "2023.09.12"]
[Round "11"]
[White "Iskusnyh"]
[Black "LileKoridze"]
[Result "0-1"]
[WhiteElo "2595"]
[BlackElo "2386"]
[TimeControl "180+1"]
[EndTime "10:05:49 PDT"]
[Termination "LileKoridze won by checkmate"]

1. d4 Nf6 2. c4 e6 3. g3 d5 4. Bg2 Bb4+ 5. Nd2 O-O 6. Nf3 c5 7. cxd5 cxd4 8. Nxd4 exd5 9. O-O Nc6 10. N2f3 Be6 11.
Bd2 Bxd2 12. Qxd2 Ne4 13. Qf4 Rc8 14. Rfd1 Qb6 15. b3 Nc3 16. Re1 Rfe8 17. Nxe6 Rxe6 18. e3 Nb4 19. Nd4 Nd3 20. Qg4 Nxe1 21. Nxe6 Qxe6 22.
Qxe6 fxe6 23. Rxe1 Nxa2 24. Bh3 Kf7 25. Re2 Nc1 26.
Rb2 Nd3 27. Ra2 a6 28. Kg2 Rc3 29. Ra4 Rxb3 30. Rd4 a5 31. Bg4 Ne5 32. Bd1 Rb1 33. Bc2 Rb2 34. Rf4+ Ke7 35. Bxh7 b5 36. g4 a4 37. g5 a3 38. g6 a2 39. h4 a1=Q 40.
h5 Rb1 41. h6 Rg1+ 42. Kh3 Rh1+ 43. Kg3 Qg1# 0-1